[Event "GER-ch Youth-U12 2022"]
[Site "Willingen"]
[Date "2022.06.07"]
[Round "4.18"]
[White "Schuricht, Emil Frederick"]
[Black "Agirretxe San Sebastian, Jesus M"]
[Result "1-0"]
[ECO "A45"]
[WhiteElo "1641"]
[BlackElo "2117"]
[Annotator "TA"]
[PlyCount "83"]
[EventDate "2022.06.05"]
[EventType "swiss"]
[EventRounds "9"]
[EventCountry "GER"]
[SourceTitle "playchess.com"]
[Source "ChessBase"]
[SourceQuality "1"]
[TimeControl "40/4500+30:900+30"]

1. d4 Nf6 2. Bg5 e6 3. e4 Be7 4. e5 Ne4 5. Bxe7 Qxe7 6. Bd3 {[%emt 0:13:58] A45: Trompowsky Attack.} d5 7. c3 {[%emt 0:11:04] Inhibits Qb4.} O-O {[%emt 0:09:56] [#]} 8. Ne2 $146 {[%emt 0:02:29] White is slightly better.} ({Predecessor:} 8. Nd2 Nxd2 9. Qxd2 f5 10. exf6 Rxf6 11. Qc2 g6 12. Nf3 Rf4 13. h4 Nc6 14. O-O-O {1-0 (28) Tagos,B-Asher,B (1419) Wellington 2016}) 8... c5 9. f3 f5 10. fxe4 fxe4 11. Bc2 (11. Rf1 Rxf1+ 12. Kxf1 exd3 13. Qxd3 b6 $17) 11... Qf7 12. Kd2 Nc6 13. Na3 cxd4 14. cxd4 Nxd4 15. Nxd4 $2 ({White must play} 15. Rf1 $1 $16 Qxf1 16. Qxf1 Rxf1 17. Rxf1) 15... Qf4+ $15 16. Kc3 {[%emt 0:02:38] aiming for Qd2.} Qe3+ {[%emt 0:00:17][%mdl 1024] Black has compensation.} 17. Kb4 $2 ({Only move:} 17. Bd3 $1 $15 Bd7 18. Nac2 Rfc8+ 19. Kb3 Rxc2 20. Nxc2 Qb6+ 21. Nb4 exd3 22. Qxd3) 17... Bd7 $19 {[%emt 0:05:26] ( -> ...a5+)} 18. Nab5 Rfc8 19. b3 {[%emt 0:03:20] And now Qc1 would win.} (19. Ka5 Rc4 20. Nc3 Rxd4 21. Qh5 b6+ 22. Ka6 Bc8+ 23. Kb5 a6+ 24. Kxb6 Rb4+ 25. Kc7 Qb6#) 19... a5+ $2 (19... Bxb5 $19 20. Ka3 (20. Kxb5 {gets mated.} Qc3) 20... Bd3) 20. Ka4 (20. Ka3 $11 Bxb5 21. Re1) 20... Qc3 $2 (20... Rc5 $19 21. Ka3 Bxb5 22. Nxb5 (22. Nxe6 $2 a4 $19) 22... a4) 21. Ka3 $11 Bxb5 22. Nxb5 Qb4+ 23. Kb2 {[%emt 0:00:05] Strongly threatening a4.} Qxb5 24. Rc1 (24. Qd2 $11) 24... a4 (24... Qb4 $1 $15 {deserves consideration.}) 25. Qd2 Qb6 26. Rhe1 Rc7 27. Bd1 a3+ 28. Kb1 Rac8 (28... Rxc1+ $11 29. Qxc1 Qd4) 29. Bg4 $16 e3 {[%emt 0:03:00] [#]} (29... Rxc1+ $16 30. Rxc1 Rxc1+ 31. Qxc1 h5 32. Bxh5 Qd4) 30. Rxc7 $1 $18 exd2 31. Rxc8+ Kf7 32. Rf1+ Kg6 {[%emt 0:00:22] [#] Threatens to win with ...Qd4.} 33. Rc2 $1 Qd4 {[%emt 0:00:42] [#]} 34. Bf3 Qxe5 {[%emt 0:01:18] ...Qe1+ is the strong threat.} 35. Rxd2 b5 (35... Kg5 $142 36. g3 Kh6) 36. Re2 Qd6 (36... Qc3 $16 {is a better chance.}) 37. Rfe1 {[%emt 0:00:33] White is clearly winning.} Kf6 (37... Qxh2 $142 38. Rxe6+ Kf5) 38. Rxe6+ Qxe6 39. Rxe6+ Kxe6 40. b4 Ke5 41. Kc2 (41. Be2 $142 h5 42. Bxb5) 41... Kd4 42. Be2 {[%emt 0:00:12] Quite a comeback for White.  Weighted Error Value: White=0.29 (precise) /Black=0.49} 1-0

[Event "GER-ch Youth-U12 2022"]
[Site "Willingen"]
[Date "2022.06.07"]
[Round "4.19"]
[White "Burkart, Lloyd Shang"]
[Black "Xu, Wanghan"]
[Result "1/2-1/2"]
[ECO "D34"]
[WhiteElo "1559"]
[BlackElo "1419"]
[Annotator "NA RC COMBH"]
[PlyCount "76"]
[EventDate "2022.06.05"]
[EventType "swiss"]
[EventRounds "9"]
[EventCountry "GER"]
[SourceTitle "playchess.com"]
[Source "ChessBase"]
[SourceQuality "1"]
[TimeControl "40/4500+30:900+30"]

1. d4 Nf6 2. c4 e6 3. g3 d5 4. Nf3 Be7 5. Bg2 O-O 6. O-O c5 7. cxd5 exd5 8. dxc5 Bxc5 9. Nc3 Nc6 10. a3 Re8 11. b4 Bf8 12. Bb2 Be6 13. Rc1 Rc8 14. Qa4 a6 15. Rfd1 Qb6 16. e3 Red8 17. Nd4 Nxd4 18. Rxd4 Bd7 19. Qd1 Be6 20. Nxd5 Nxd5 21. Rxc8 Rxc8 22. Bxd5 Bxd5 23. Rxd5 h6 24. Qd4 Qg6 25. Kg2 Qc6 26. Kg1 Qg6 27. h4 Be7 28. Qd3 Qg4 29. Rd4 Qh3 30. Rf4 Bf6 31. Qe2 Be5 32. Re4 Bf6 33. Qd2 Qf5 34. Qd3 Qh3 35. Qb1 Bxb2 36. Qxb2 Qf5 37. Qe5 Qh3 38. Qb2 Qf5 1/2-1/2

[Event "GER-ch Youth-U12 2022"]
[Site "Willingen"]
[Date "2022.06.07"]
[Round "4.20"]
[White "Pimenov, Danil"]
[Black "Mukazhanov, Mansur"]
[Result "1-0"]
[ECO "C00"]
[WhiteElo "1337"]
[BlackElo "1279"]
[Annotator "NA RC COMBH"]
[PlyCount "67"]
[EventDate "2022.06.05"]
[EventType "swiss"]
[EventRounds "9"]
[EventCountry "GER"]
[SourceTitle "playchess.com"]
[Source "ChessBase"]
[SourceQuality "1"]
[TimeControl "40/4500+30:900+30"]

1. e4 e6 2. b3 d5 3. Bb2 d4 4. Nf3 c5 5. d3 Nc6 6. Nbd2 e5 7. Be2 Bd6 8. O-O Nge7 9. c3 O-O 10. cxd4 exd4 11. Nc4 b6 12. Nxd6 Qxd6 13. Nd2 Bb7 14. f4 f5 15. Nc4 Qe6 16. e5 Nd5 17. Bf3 Rad8 18. Bc1 b5 19. Nd6 Rxd6 20. exd6 Qxd6 21. Bd2 Ne3 22. Bxe3 dxe3 23. Bxc6 Bxc6 24. Qe2 Re8 25. Rac1 b4 26. Rc4 Bb5 27. g3 Qd5 28. h3 Bxc4 29. dxc4 Qe4 30. Rd1 a5 31. Rd5 g5 32. Qh5 Qe7 33. Re5 g4 34. Qxe8+ 1-0

[Event "GER-ch Youth-U12 2022"]
[Site "Willingen"]
[Date "2022.06.07"]
[Round "4.21"]
[White "Gulamzada, Elmir"]
[Black "Fettig, Michel"]
[Result "1-0"]
[ECO "C01"]
[WhiteElo "1539"]
[BlackElo "1407"]
[Annotator "NA RC COMBH"]
[PlyCount "48"]
[EventDate "2022.06.05"]
[EventType "swiss"]
[EventRounds "9"]
[EventCountry "GER"]
[SourceTitle "playchess.com"]
[Source "ChessBase"]
[SourceQuality "1"]
[TimeControl "40/4500+30:900+30"]

1. e4 e6 2. d4 d5 3. exd5 exd5 4. Bd3 Nc6 5. c3 Bd6 6. Nf3 Nge7 7. Be3 Bf5 8. h3 Qd7 9. g4 Bxd3 10. Qxd3 h5 11. g5 g6 12. Nbd2 O-O-O 13. O-O-O Nf5 14. Qb5 Qe6 15. Rhe1 a6 16. Qb3 Nce7 17. Bf4 Qd7 18. Be5 Rh7 19. Bf6 Bf4 20. Ne5 Qd6 21. Re2 Re8 22. Rde1 Ng8 23. Nec4 Bxd2+ 24. Kc2 Qd8 1-0

[Event "GER-ch Youth-U12 2022"]
[Site "Willingen"]
[Date "2022.06.07"]
[Round "4.22"]
[White "Nguyen, Bach Khoi"]
[Black "Albrecht, Neil"]
[Result "0-1"]
[ECO "C54"]
[WhiteElo "1261"]
[BlackElo "1376"]
[Annotator "NA RC COMBH"]
[PlyCount "67"]
[EventDate "2022.06.05"]
[EventType "swiss"]
[EventRounds "9"]
[EventCountry "GER"]
[SourceTitle "playchess.com"]
[Source "ChessBase"]
[SourceQuality "1"]
[TimeControl "40/4500+30:900+30"]

1. e4 e5 2. Nf3 Nc6 3. Bc4 Bc5 4. c3 Nf6 5. d3 O-O 6. Nbd2 d5 7. exd5 Nxd5 8. O-O Nb6 9. Bb3 Qxd3 10. Bc2 Qd8 11. b4 Bd6 12. a4 f5 13. a5 Nd7 14. b5 Ncb8 15. Bb3+ Kh8 16. Nc4 Qe7 17. Ng5 Nc5 18. Ba2 Be6 19. Qh5 g6 20. Qh6 Nbd7 21. Ba3 f4 22. Nxe5 Nxe5 23. Bxc5 Bxa2 24. Bxd6 cxd6 25. Rxa2 Rf5 26. Ne4 Raf8 27. g4 Nxg4 28. Qh3 Qxe4 29. Qxg4 Qd5 30. c4 Qxc4 31. Rd2 Qd5 32. Ra2 Qc4 33. Rb2 h6 34. h4 0-1

[Event "GER-ch Youth-U12 2022"]
[Site "Willingen"]
[Date "2022.06.07"]
[Round "4.23"]
[White "Hellenbroich, Hanno"]
[Black "Kullmann, Max"]
[Result "0-1"]
[ECO "A00"]
[WhiteElo "1274"]
[BlackElo "1442"]
[Annotator "NA RC COMBH"]
[PlyCount "96"]
[EventDate "2022.06.05"]
[EventType "swiss"]
[EventRounds "9"]
[EventCountry "GER"]
[SourceTitle "playchess.com"]
[Source "ChessBase"]
[SourceQuality "1"]
[TimeControl "40/4500+30:900+30"]

1. e4 d5 2. Nc3 dxe4 3. Nxe4 e5 4. Nf3 Nc6 5. Bb5 Bd7 6. Qe2 Qe7 7. d3 O-O-O 8. Bxc6 Bxc6 9. Be3 b6 10. O-O f5 11. Bg5 Nf6 12. Nxf6 gxf6 13. Bh4 Qg7 14. g3 Qg4 15. Kg2 Be7 16. h3 Qh5 17. c3 Rhg8 18. d4 Qxh4 19. dxe5 fxe5 20. Qxe5 Qe4 21. Qxe4 Bxe4 22. Rfe1 Bc5 23. b4 Bf8 24. a4 Bh6 25. Rxe4 fxe4 26. Ne5 Bg7 27. Nc6 Rd7 28. Nxa7+ Kb7 29. Nb5 c6 30. Na3 Bxc3 31. Rb1 Rd4 32. Rb3 Bd2 33. Nc2 Rd3 34. Rb2 Rf8 35. a5 Bc3 36. Rb3 Rd2 37. a6+ Ka7 38. Ne3 Bd4 39. h4 Bxe3 40. Rxe3 Rdxf2+ 41. Kh3 Rg8 42. Rxe4 Rf3 43. b5 cxb5 44. Re7+ Kxa6 45. Rxh7 Rfxg3+ 46. Kh2 Rc3 47. h5 Rd8 48. Rg7 Rd2+ 0-1

[Event "GER-ch Youth-U12 2022"]
[Site "Willingen"]
[Date "2022.06.07"]
[Round "4.24"]
[White "Radeke, Timothy"]
[Black "Prashanthakumar, Arju"]
[Result "1-0"]
[ECO "C56"]
[WhiteElo "1129"]
[BlackElo "1265"]
[Annotator "NA RC COMBH"]
[PlyCount "73"]
[EventDate "2022.06.05"]
[EventType "swiss"]
[EventRounds "9"]
[EventCountry "GER"]
[SourceTitle "playchess.com"]
[Source "ChessBase"]
[SourceQuality "1"]
[TimeControl "40/4500+30:900+30"]

1. e4 e5 2. Nf3 Nc6 3. Bc4 Bc5 4. c3 Nf6 5. d4 exd4 6. O-O d5 7. exd5 Nxd5 8. Qb3 Be6 9. Qxb7 Na5 10. Qb5+ c6 11. Qxc5 Qc7 12. Nxd4 Nxc4 13. Qxc4 O-O 14. Qxc6 Qe5 15. Nxe6 fxe6 16. Bd2 Rac8 17. Qa6 Rf6 18. Qxc8+ Rf8 19. Qa6 Rf6 20. c4 Nf4 21. Bxf4 Qxf4 22. Qc8+ Rf8 23. Qxe6+ Kh8 24. Nc3 h6 25. h3 Rf6 26. Qe4 Qg5 27. Rad1 Rf8 28. Nd5 Rb8 29. Ne7 Qf6 30. Ng6+ Kg8 31. Qd5+ Kh7 32. Qd6 Qxd6 33. Rxd6 Rxb2 34. Re1 Rxa2 35. Re8 Ra1+ 36. Kh2 a5 37. Rh8# 1-0

[Event "GER-ch Youth-U12 2022"]
[Site "Willingen"]
[Date "2022.06.07"]
[Round "4.26"]
[White "Wang, Arthur D"]
[Black "Halich, Jan Finnian"]
[Result "1-0"]
[ECO "B01"]
[WhiteElo "2090"]
[BlackElo "877"]
[Annotator "TA"]
[PlyCount "55"]
[EventDate "2022.06.05"]
[EventType "swiss"]
[EventRounds "9"]
[EventCountry "GER"]
[SourceTitle "playchess.com"]
[Source "ChessBase"]
[SourceQuality "1"]
[TimeControl "40/4500+30:900+30"]

1. e4 d5 2. exd5 Qxd5 3. Nc3 Qd8 4. Nf3 Nf6 5. Bc4 Bg4 $2 {[%emt 0:00:00] [#]} (5... a6 $14) 6. d3 $2 {[%emt 0:00:00] B01: Scandinavian Defence.} (6. Ne5 $1 $18 Be6 7. Bxe6 fxe6 8. O-O) 6... e6 $11 7. Bg5 Be7 {[%emt 0:00:00] [#]} 8. Qd2 $146 {[%emt 0:01:57] The position is equal.} ({Predecessor:} 8. O-O O-O 9. h3 Bh5 10. Re1 Nbd7 11. Ne4 Nxe4 12. Bxe7 Qxe7 13. dxe4 Ne5 14. Be2 {0-1 (45) Foster,C (1355)-Zemke,C (1755) Sunningdale 2007}) 8... Nbd7 9. O-O-O O-O 10. h3 Bxf3 11. gxf3 Ne5 12. Qe2 Nfd7 (12... Nc6 $15) 13. Bxe7 Qxe7 14. f4 {[%emt 0:00:00] Against Qg5} Nxc4 (14... Ng6 $15) 15. dxc4 Rad8 16. Rhg1 g6 17. f5 Rfe8 (17... Qf6 {is interesting.} 18. fxe6 fxe6 19. Rge1 Nc5) 18. fxg6 ({White should play} 18. fxe6 $14 fxe6 19. Rge1) 18... fxg6 19. f4 Qh4 20. Qf3 {[%emt 0:03:13] White is more active.} (20. Qe3 $16) 20... e5 (20... Rf8 $11 {keeps the balance.}) 21. Qd5+ (21. Qxb7 $6 Qxf4+ 22. Kb1 Qxc4 $14) (21. f5 $1 $16) 21... Kh8 $1 $14 22. Rdf1 (22. Qxb7 $14 Qxf4+ 23. Kb1 Qxc4 24. Qxa7) 22... Qxh3 (22... c6 $17 23. Qd2 Nb6) 23. Rh1 $36 {[%emt 0:01:35][%mdl 2048] White has the initiative.} Qe3+ 24. Kb1 exf4 {[%emt 0:00:00] aiming for ...Ne5.} 25. Rfg1 $2 (25. Qf7 $14 {stays ahead.} Nf8 26. Nd5 (26. Qf6+ Kg8 $14)) 25... c6 $4 {[%emt 0:00:00][%mdl 8192] [#]} (25... Nf6 $19 26. Qf7 Qe7 27. Qxe7 Rxe7 28. Rxg6 Re1+ $3 29. Rxe1 hxg6) 26. Rxh7+ $3 {[%emt 0:00:22][%mdl 576] Decoy. White mates.} Kxh7 27. Qf7+ Kh6 28. Qxg6# {[%emt 0:00:11] Weighted Error Value: White=0.62/Black=0.61} 1-0

[Event "GER-ch Youth-U12 2022"]
[Site "Willingen"]
[Date "2022.06.07"]
[Round "4.27"]
[White "Draude, Theo"]
[Black "Haertel, Leon"]
[Result "1/2-1/2"]
[ECO "B44"]
[WhiteElo "1397"]
[BlackElo "1536"]
[Annotator "NA RC COMBH"]
[PlyCount "215"]
[EventDate "2022.06.05"]
[EventType "swiss"]
[EventRounds "9"]
[EventCountry "GER"]
[SourceTitle "playchess.com"]
[Source "ChessBase"]
[SourceQuality "1"]
[TimeControl "40/4500+30:900+30"]

1. e4 c5 2. Nf3 e6 3. d4 cxd4 4. Nxd4 Nc6 5. Be3 Nf6 6. Bd3 Be7 7. O-O O-O 8. c4 Qc7 9. f4 Bc5 10. Nc2 Bxe3+ 11. Nxe3 Qb6 12. Qe2 Nb4 13. h3 Nxd3 14. Qxd3 Qxb2 15. Nc3 Qb6 16. Rab1 Qc6 17. e5 Ne8 18. f5 exf5 19. Ncd5 Qe6 20. Nxf5 b6 21. Rf4 Bb7 22. Re1 Rb8 23. Rg4 Kh8 24. Rh4 g6 25. Nd4 Bxd5 26. Nxe6 Bxe6 27. Qe3 h5 28. Qa3 Ng7 29. Qxa7 Nf5 30. Rhe4 Ra8 31. Qxb6 Rxa2 32. Qc5 Kg7 33. R4e2 Ra4 34. Rc2 Rfa8 35. Rec1 R8a5 36. Qc7 Ne3 37. Rc3 Nf5 38. c5 Nd4 39. Qd8 Ne2+ 40. Kh2 Nxc3 41. Rxc3 Ra8 42. Qf6+ Kh7 43. c6 dxc6 44. Rxc6 Ra2 45. Rd6 Rb2 46. Rd8 Rxd8 47. Qxd8 Re2 48. Qd4 Ra2 49. Kg3 Rc2 50. Qd3 Rb2 51. Qd4 Rb3+ 52. Kh4 Rb5 53. Kg5 Kg7 54. Qf4 Rd5 55. Qf6+ Kf8 56. Kh6 Ke8 57. Kg7 Kd7 58. Qg5 Kc6 59. g4 hxg4 60. hxg4 Rd4 61. Qc1+ Kd7 62. g5 Rd5 63. Kf6 Bf5 64. Qb2 Be6 65. Qb7+ Kd8 66. Qa7 Kc8 67. Qb6 Rd7 68. Kg7 Rd8 69. Kf6 Rd7 70. Qc6+ Rc7 71. Qa8+ Kd7 72. Kg7 Ke7 73. Qf8+ Kd7 74. Qd6+ Kc8 75. Kf8 Rd7 76. Qc6+ Kb8 77. Ke8 Rb7 78. Qd6+ Ka7 79. Kd8 Rb8+ 80. Ke7 Rb7+ 81. Kf6 Rb6 82. Qc7+ Ka6 83. Qc5 Kb7 84. Ke7 Ka6 85. Qa3+ Kb5 86. Qd3+ Kc5 87. Qe3+ Kb5 88. Kd8 Rb8+ 89. Kc7 Rc8+ 90. Kb7 Rc4 91. Qb6+ Ka4 92. Qa6+ Kb3 93. Kb6 Rb4+ 94. Kc5 Rc4+ 95. Kd6 Kc3 96. Qa3+ Kd4 97. Qf3 Rc3 98. Qe2 Re3 99. Qb2+ Ke4 100. Kc5 Kf4 101. Qd2 Kf3 102. Kd4 Re4+ 103. Kd3 Rxe5 104. Qd1+ Kf4 105. Qd2+ Kf5 106. Qg2 Rd5+ 107. Ke3 Re5+ 108. Kd3 1/2-1/2

[Event "GER-ch Youth-U12 2022"]
[Site "Willingen"]
[Date "2022.06.08"]
[Round "5.1"]
[White "Nechitailo, Nikita"]
[Black "Buchinger, Alexis"]
[Result "1/2-1/2"]
[ECO "C52"]
[WhiteElo "1371"]
[BlackElo "1676"]
[Annotator "NA RC COMBH"]
[PlyCount "63"]
[EventDate "2022.06.05"]
[EventType "swiss"]
[EventRounds "9"]
[EventCountry "GER"]
[SourceTitle "playchess.com"]
[Source "ChessBase"]
[SourceQuality "1"]
[TimeControl "40/4500+30:900+30"]

1. e4 e5 2. Nf3 Nc6 3. Bc4 Bc5 4. b4 Bxb4 5. c3 Ba5 6. d4 b5 7. Bxb5 Nxd4 8. Nxd4 exd4 9. Qxd4 Qf6 10. Bd2 Bb6 11. Qxf6 Nxf6 12. f3 c6 13. Bd3 O-O 14. Na3 Re8 15. O-O-O Bc5 16. Nc2 Rb8 17. Rhe1 Rb6 18. Be3 Bxe3+ 19. Nxe3 Ba6 20. Nc4 Bxc4 21. Bxc4 Reb8 22. e5 Nd5 23. Bxd5 cxd5 24. Re2 Rb5 25. Kd2 Kf8 26. f4 Ke7 27. Kd3 Rc5 28. Rdd2 Rbc8 29. Rc2 a5 30. f5 Rc4 31. Rf2 g6 32. fxg6 1/2-1/2

[Event "GER-ch Youth-U12 2022"]
[Site "Willingen"]
[Date "2022.06.08"]
[Round "5.2"]
[White "Stichter, Constantin Paul"]
[Black "Gloeckler, Christian"]
[Result "1-0"]
[ECO "E73"]
[WhiteElo "1472"]
[BlackElo "1869"]
[Annotator "NA RC COMBH"]
[PlyCount "79"]
[EventDate "2022.06.05"]
[EventType "swiss"]
[EventRounds "9"]
[EventCountry "GER"]
[SourceTitle "playchess.com"]
[Source "ChessBase"]
[SourceQuality "1"]
[TimeControl "40/4500+30:900+30"]

1. d4 Nf6 2. c4 g6 3. Nc3 Bg7 4. e4 d6 5. Be2 O-O 6. Be3 e5 7. d5 a5 8. g4 Na6 9. g5 {[%emt 0:00:00] is more profitable than 9.h4 at the moment.} Ne8 10. h4 f5 11. gxf6 Bxf6 12. h5 {[%emt 0:00:00] [#]} g5 $146 ({Predecessor:} 12... Bg5 13. Qd2 Bxe3 14. Qxe3 Qf6 15. hxg6 hxg6 16. Nf3 Qf4 17. Qxf4 Rxf4 18. Kd2 Nf6 {1-0 (64) Lopez Martinez,J (2552)-Pradeep,K (2330) Sitges 2016}) 13. h6 Kh8 14. Bg4 Rg8 15. f3 Be7 (15... Bxg4 $142 16. fxg4 Qd7) 16. Nge2 Nf6 {[%emt 0:01:46] [#]} 17. Ng3 $1 Nc5 (17... Bd7 $16) 18. Bxc5 dxc5 19. Qe2 Ne8 20. Nd1 b6 21. a4 Rf8 22. Ne3 Bxg4 23. fxg4 Rf4 24. Nef5 Nf6 25. Rf1 Bf8 26. O-O-O Qe8 $1 27. Rxf4 ({White should play} 27. Ng7 $14 Bxg7 28. hxg7+ Kxg7 29. d6 (29. Nf5+ Kh8 $11) 29... cxd6 30. Rxd6) 27... exf4 28. e5 $2 (28. Nh1 $11 {and White has nothing to worry.}) 28... fxg3 29. Re1 {[%emt 0:00:42] [#]} (29. e6 $17) 29... g2 $1 30. Qxg2 Qxa4 31. Kb1 Qb4 $2 (31... Re8 $11 {and Black has nothing to worry.} 32. Qg3 {[#]} Qxc4 $1 33. exf6 Re2 34. Rxe2 Qxe2) 32. Re3 Re8 {[%emt 0:01:57] [#]} 33. Qe2 $1 ({Inferior is} 33. exf6 Rxe3 34. Nxe3 Qe1+ 35. Ka2 Qxe3 $11) 33... Ng8 34. d6 Qa4 35. e6 Bxd6 36. Nxd6 cxd6 $11 37. b3 Qc6 38. Qb2+ Nf6 39. Qxf6+ Kg8 40. Qg7# 1-0

[Event "GER-ch Youth-U12 2022"]
[Site "Willingen"]
[Date "2022.06.08"]
[Round "5.3"]
[White "Herrmann, Arthur"]
[Black "Dordevic, Tom"]
[Result "0-1"]
[ECO "B41"]
[WhiteElo "1507"]
[BlackElo "1771"]
[Annotator "NA RC COMBH"]
[PlyCount "84"]
[EventDate "2022.06.05"]
[EventType "swiss"]
[EventRounds "9"]
[EventCountry "GER"]
[SourceTitle "playchess.com"]
[Source "ChessBase"]
[SourceQuality "1"]
[TimeControl "40/4500+30:900+30"]

1. e4 c5 2. Nf3 e6 3. d4 cxd4 4. Nxd4 a6 5. c4 Nf6 6. Nc3 Bb4 7. Qd3 Bxc3+ 8. bxc3 d5 9. cxd5 exd5 10. e5 Ne4 11. Ba3 Nc6 12. Nxc6 bxc6 13. Be2 Qa5 14. Bb4 Qb6 15. O-O a5 16. Ba3 Ba6 17. Qc2 Bxe2 18. Qxe2 Ng5 19. Rab1 Qa7 20. Qg4 Ne6 21. Kh1 g6 22. f4 Ng7 23. Qg5 c5 24. Rfd1 O-O 25. Rxd5 Rac8 26. Rbd1 Ne6 27. Qg4 Rc7 28. Rd6 Qa8 29. R6d5 Qa7 30. h4 h5 31. Qf3 Ng7 32. Qf2 Rfc8 33. Rd8+ Kh7 34. Rxc8 Rxc8 35. Rd5 Qb7 36. Rxc5 Rd8 37. Qe2 Qb1+ 38. Kh2 Rd1 39. g3 Rh1+ 40. Kg2 Nf5 41. Qb5 Qe4+ 42. Kf2 Qe3+ 0-1

[Event "GER-ch Youth-U12 2022"]
[Site "Willingen"]
[Date "2022.06.08"]
[Round "5.4"]
[White "Korchynskyi, Mykola"]
[Black "Kulkovets, Roman"]
[Result "1-0"]
[ECO "B14"]
[WhiteElo "1723"]
[BlackElo "1099"]
[Annotator "NA RC COMBH"]
[PlyCount "120"]
[EventDate "2022.06.05"]
[EventType "swiss"]
[EventRounds "9"]
[EventCountry "GER"]
[SourceTitle "playchess.com"]
[Source "ChessBase"]
[SourceQuality "1"]
[TimeControl "40/4500+30:900+30"]

1. d4 Nf6 2. c4 c5 3. e3 cxd4 4. exd4 d5 5. Nc3 e6 6. Bg5 Be7 7. Nf3 O-O 8. Bd3 a6 9. Bxf6 Bxf6 10. cxd5 exd5 11. Qb3 Re8+ 12. Be2 Nc6 13. Rd1 Bg4 14. O-O Bxf3 15. Bxf3 Nxd4 16. Qxd5 Qxd5 17. Bxd5 Rab8 18. Rd2 Red8 19. Rfd1 Nc6 20. Ne4 Be5 21. Nc5 Bf6 22. Bxc6 Rxd2 23. Rxd2 bxc6 24. Nxa6 Ra8 25. Nb4 c5 26. Nd5 Rxa2 27. Nxf6+ gxf6 28. Kf1 Kf8 29. Ke2 Ke7 30. g3 Ke6 31. Rc2 Kd5 32. Ke3 Ra4 33. Rd2+ Ke6 34. f4 f5 35. Kf3 Rb4 36. Kg2 f6 37. Kh3 Rd4 38. Rxd4 cxd4 39. Kg2 Kd5 40. Kf3 Kc4 41. Ke2 d3+ 42. Ke3 h6 43. h3 h5 44. h4 d2 45. Kxd2 Kd4 46. b4 Ke4 47. Kc3 Kf3 48. b5 Kxg3 49. b6 Kxf4 50. b7 Kg4 51. b8=Q f4 52. Qg8+ Kxh4 53. Qg2 f5 54. Kd4 f3 55. Qxf3 f4 56. Ke5 Kg5 57. Qxf4+ Kg6 58. Qf6+ Kh7 59. Qg5 h4 60. Kf6 Kh8 1-0

[Event "GER-ch Youth-U12 2022"]
[Site "Willingen"]
[Date "2022.06.08"]
[Round "5.5"]
[White "Freude, Paul"]
[Black "Wartenberg, Alexander"]
[Result "1-0"]
[ECO "C22"]
[WhiteElo "1415"]
[BlackElo "1682"]
[Annotator "NA RC COMBH"]
[PlyCount "55"]
[EventDate "2022.06.05"]
[EventType "swiss"]
[EventRounds "9"]
[EventCountry "GER"]
[SourceTitle "playchess.com"]
[Source "ChessBase"]
[SourceQuality "1"]
[TimeControl "40/4500+30:900+30"]

1. e4 e5 2. d4 exd4 3. Qxd4 Nc6 4. Qe3 Nf6 5. Nc3 Bb4 6. Bd2 Bxc3 7. Bxc3 O-O 8. O-O-O Re8 9. Qf4 Nxe4 10. Bc4 Ng5 11. Nh3 Ne6 12. Qg3 f6 13. Rhe1 Qe7 14. Nf4 Qf7 15. Nd5 Ne5 16. Bxe5 fxe5 17. Nxc7 d5 18. Nxe8 dxc4 19. Nd6 Qf4+ 20. Qxf4 Nxf4 21. Rxe5 Bg4 22. Rde1 h6 23. Re8+ Rxe8 24. Rxe8+ Kh7 25. Re4 Ne2+ 26. Kd2 Bh5 27. Rxe2 Bxe2 28. Kxe2 1-0

[Event "GER-ch Youth-U12 2022"]
[Site "Willingen"]
[Date "2022.06.08"]
[Round "5.6"]
[White "Lu, Yunong Elias"]
[Black "Martin Fernandez, Rafael"]
[Result "1-0"]
[ECO "B01"]
[WhiteElo "1671"]
[BlackElo "1678"]
[Annotator "NA RC COMBH"]
[PlyCount "101"]
[EventDate "2022.06.05"]
[EventType "swiss"]
[EventRounds "9"]
[EventCountry "GER"]
[SourceTitle "playchess.com"]
[Source "ChessBase"]
[SourceQuality "1"]
[TimeControl "40/4500+30:900+30"]

1. e4 d5 2. exd5 Qxd5 3. Nf3 Nf6 4. Be2 Bf5 5. d4 Nc6 6. c3 O-O-O 7. Qb3 e6 8. Qxd5 Nxd5 9. O-O Bd6 10. g3 h5 11. h4 f6 12. Nbd2 Rhg8 13. Nc4 Be7 14. Ne3 Nxe3 15. Bxe3 g5 16. hxg5 fxg5 17. Bb5 Rd6 18. Bxc6 Rxc6 19. Ne5 Rd6 20. Rfe1 Bf6 21. Rad1 g4 22. Bf4 h4 23. Rd2 Rdd8 24. Nf7 Rd7 25. Nh6 Rh8 26. Nxf5 exf5 27. Rde2 Kd8 28. Re6 Rf7 29. Rxf6 Rxf6 30. Bg5 Rhf8 31. Re6 Kd7 32. Rxf6 Rxf6 33. Bxf6 h3 34. c4 Ke6 35. Bd8 c6 36. b4 b5 37. cxb5 cxb5 38. Bg5 Kd5 39. Be3 a6 40. f3 Ke6 41. fxg4 fxg4 42. Kf1 Kd5 43. Bg1 Ke4 44. Ke2 Kd5 45. Kd3 Ke6 46. Ke4 Kf6 47. d5 Ke7 48. Ke5 Kd7 49. d6 Kd8 50. Ke6 Kc8 51. d7+ 1-0

[Event "GER-ch Youth-U12 2022"]
[Site "Willingen"]
[Date "2022.06.08"]
[Round "5.7"]
[White "Riechenberg, Sebastian"]
[Black "Blodig, Vincent"]
[Result "0-1"]
[ECO "B40"]
[WhiteElo "1668"]
[BlackElo "1461"]
[Annotator "NA RC COMBH"]
[PlyCount "80"]
[EventDate "2022.06.05"]
[EventType "swiss"]
[EventRounds "9"]
[EventCountry "GER"]
[SourceTitle "playchess.com"]
[Source "ChessBase"]
[SourceQuality "1"]
[TimeControl "40/4500+30:900+30"]

1. e4 c5 2. Nf3 e6 3. d4 cxd4 4. Nxd4 Nf6 5. Bd3 Nc6 6. Nxc6 bxc6 7. O-O d5 8. e5 Nd7 9. Qe1 f5 10. f4 Be7 11. Rf3 O-O 12. Rh3 Rf7 13. Qd1 c5 14. g4 g6 15. g5 Bb7 16. Be2 Nb6 17. Nd2 c4 18. Nf3 Na4 19. Nd4 Qb6 20. b3 Bc5 21. Be3 Nc3 22. Qd2 Ne4 23. Qd1 Nc3 24. Qd2 Nxe2+ 25. Nxe2 d4 26. Nxd4 Bxd4 27. Bxd4 Qc6 28. Re3 Qh1+ 29. Kf2 Qxh2+ 30. Ke1 Qxf4 31. bxc4 Rd7 32. c3 Qxg5 33. Kd1 f4 34. Re1 Qg4+ 35. Kc1 f3 36. Qh6 Rxd4 37. cxd4 Qxd4 38. Rh1 Qxa1+ 39. Kd2 Qd4+ 40. Ke1 f2+ 0-1